 Dungeon Crawl Stone Soup version 0.28.0 (webtiles) character file.

Game seed: 2146187597883140685

548 bromine the Chopper (level 7, -4/64 HPs)
             Began as a Deep Dwarf Berserker on Feb 15, 2022.
             Was a Believer of Trog.
             Slain by aesthetics's ghost (9 damage)
             ... on level 4 of the Dungeon.
             The game lasted 00:19:29 (2796 turns).

bromine the Chopper (Deep Dwarf Berserker)          Turns: 2796, Time: 00:19:30

Health: -4/64      AC:  3    Str: 32    XL:     7   Next: 7%
Magic:  5/5        EV: 14    Int: 13    God:    Trog [**....]
Gold:   105        SH:  0    Dex: 18    Spells: 6/6 levels left

rFire   . . .      SeeInvis .   k - +7 flail of the Lair of Beasts {freeze, Str+5}
rCold   . . .      Faith    .   (no shield)
rNeg    . . .      Spirit   .   n - +1 robe of Zealous Beauty {Int+4}
rPois   .          Reflect  .   (no helmet)
rElec   .          Harm     .   (no cloak)
rCorr   .          Rampage  .   (no gloves)
Will    +++..                   (no boots)
Stlth   ++........              (no amulet)
HPRegen 1.00/turn               j - +6 ring of strength
MPRegen 0.09/turn               f - +6 ring of dexterity

@: strong-willed, on berserk cooldown, regenerating, slowed, very slow
A: damage resistance, heal wounds, sense surroundings 1, no regeneration
a: Heal Wounds, Renounce Religion, Berserk, Trog's Hand


You were on level 4 of the Dungeon.
You worshipped Trog.
Trog was pleased with you.
You visited 1 branch of the dungeon, and saw 4 of its levels.

You collected 105 gold pieces.

Inventory:

Hand Weapons
 a - a +0 hand axe
 k - the +7 flail of the Lair of Beasts (weapon) {freeze, Str+5}
   (You found it on level 3 of the Dungeon)

   It freezes those it strikes, dealing additional cold damage.
   It can also slow down cold-blooded creatures.
   Str:       It affects your strength (+5).
Armour
 b - a +0 animal skin
 n - the +1 robe of Zealous Beauty (worn) {Int+4}
   (You found it on level 3 of the Dungeon)

   Int:       It affects your intelligence (+4).
Jewellery
 c - a ring of flight
 e - an amulet of magic regeneration
 f - a +6 ring of dexterity (right hand)
 i - a ring of ice
 j - a +6 ring of strength (left hand)
Scrolls
 l - a scroll of teleportation {unknown}
 m - a scroll of enchant armour
Potions
 g - a potion of invisibility {unknown}
 h - a potion of cancellation
 o - a potion of flight {unknown}


   Skills:
 + Level 4.1 Fighting
 + Level 5.5(6.0) Axes
 + Level 3.2(4.6) Maces & Flails
 + Level 2.2 Armour
 + Level 4.1 Dodging
 + Level 2.2 Stealth


You had 6 spell levels left.
You didn't know any spells.
Your spell library was empty.

Dungeon Overview and Level Annotations

Branches:
Dungeon (4/15)
 Temple: D:4-7

Altars:

Annotations:
D:4 aesthetics's ghost, amateur MiBe


Innate Abilities, Weirdness & Mutations

You are resistant to damage.
You can heal yourself by infusing magical energy.
You passively map a small area around you.
You do not regenerate.


Message History

You closely miss aesthetics's ghost.
Aesthetics's ghost is moderately damaged.
Aesthetics's ghost barely misses you. Aesthetics's ghost hits you!
* * * LOW HITPOINT WARNING * * *
You barely miss aesthetics's ghost.
You punch aesthetics's ghost, but do no damage.
Aesthetics's ghost is moderately damaged.
Aesthetics's ghost hits you!
* * * LOW HITPOINT WARNING * * *
Aesthetics's ghost hits you.
* * * LOW HITPOINT WARNING * * *
You feel better. Aesthetics's ghost hits you.
You barely miss aesthetics's ghost.
Aesthetics's ghost is moderately damaged.
You feel the effects of Trog's Hand fading.
Aesthetics's ghost misses you. Aesthetics's ghost hits you!
* * * LOW HITPOINT WARNING * * *
You miss aesthetics's ghost.
Aesthetics's ghost is moderately damaged.
Aesthetics's ghost hits you.
* * * LOW HITPOINT WARNING * * *
Aesthetics's ghost hits you!
* * * LOW HITPOINT WARNING * * *
Your skin crawls.
You feel strong-willed.
Aesthetics's ghost hits you but does no damage.
You hit aesthetics's ghost but do no damage.
Aesthetics's ghost is moderately damaged.
Aesthetics's ghost misses you. Aesthetics's ghost hits you!
* * * LOW HITPOINT WARNING * * *
You sock aesthetics's ghost! You freeze aesthetics's ghost.
Aesthetics's ghost is severely damaged.
Aesthetics's ghost barely misses you.
Aesthetics's ghost hits you but does no damage.
You hit aesthetics's ghost. You freeze aesthetics's ghost.
Aesthetics's ghost is severely damaged.
Aesthetics's ghost hits you!
* * * LOW HITPOINT WARNING * * *
Aesthetics's ghost hits you!
You die...

, * #.# #.# , * #.#
##.# #####.# #..#
#####.....### #.## *,
####...#.##....####.#
,
..........#####..##.#
,
.#.#.#.#.##.♣.##.##.#
.......###.....#.#..#
.#.#.#..#$.###.'@#.##
........#).....'W).#
.#.#.#.##..###.')..#
.......# #.....#.#.#
##.....# ##.♣.##...#
* ..####.# #####...##
* #. #.####.# ###.#
#.####......# #.#
.......#.#..# #.#


You could see aesthetics's ghost.

Vanquished Creatures
  Edmund (D:4)
  An ogre (D:3)
  A kobold brigand (D:4)
  A hound (D:3)
  An orc priest (D:3)
  An iguana (D:2)
  3 gnolls (D:3)
  8 adders
  A worm (D:2)
  2 dart slugs (D:2)
  5 orcs
  7 ball pythons
  9 bats
  10 endoplasms
  3 giant cockroaches
  6 goblins
  6 hobgoblins
  2 jackals (D:1)
  A quokka (D:1)
  4 frilled lizards (D:1)
  14 kobolds
  3 rats
90 creatures vanquished.

Vanquished Creatures (others)
  2 fungi
  4 plants
6 creatures vanquished.

Grand Total: 96 creatures vanquished

Notes
Turn   | Place    | Note
-------+----------+-------------------------------------------
     0 | D:1      | bromine the Deep Dwarf Berserker began the quest for the
                  | Orb.
     0 | D:1      | Reached XP level 1. HP: 20/20 MP: 1/1
   126 | D:1      | Reached XP level 2. HP: 20/27 MP: 2/2
   214 | D:1      | Found a faded altar of an unknown god.
   555 | D:1      | Reached XP level 3. HP: 21/34 MP: 2/2
   932 | D:2      | Reached ** piety under Trog
   933 | D:2      | Reached skill level 4 in Axes
  1015 | D:2      | Reached XP level 4. HP: 34/42 MP: 3/3
  1749 | D:3      | Identified the +7 flail of the Lair of Beasts {freeze,
                  | Str+5}
  1764 | D:3      | Reached skill level 1 in Stealth
  1771 | D:3      | Reached XP level 5. HP: 37/50 MP: 4/4
  1824 | D:3      | Reached skill level 5 in Axes
  2105 | D:3      | Identified the +1 robe of Zealous Beauty {Int+4}
  2147 | D:3      | Reached skill level 1 in Maces & Flails
  2147 | D:3      | Noticed an ogre
  2155 | D:3      | Killed an ogre
  2156 | D:3      | Reached XP level 6. HP: 19/57 MP: 5/5
  2408 | D:4      | Noticed Edmund
  2424 | D:4      | Killed Edmund
  2664 | D:4      | Found a runed translucent gate.
  2666 | D:4      | Found a runed translucent gate.
  2666 | D:4      | Noticed aesthetics's ghost (amateur MiBe)
  2667 | D:4      | Found a runed translucent gate.
  2772 | D:4      | Reached XP level 7. HP: 64/64 MP: 5/5
  2778 | D:4      | Reached *** piety under Trog
  2796 | D:4      | Slain by aesthetics's ghost

Illustrated notes

Levels and vault maps discovered:
D:1:      psy_arrival_conway, layout_loops_ring,
          shapermc_ecumenical_altar_ellora, minmay_tetromino_l4
D:2:      minmay_chambers_of_ones, layout_rooms
D:3:      layout_basic, hangedman_abyss_or_decor_stabs
D:4:      layout_basic, serial_glass, glass_columns_b, glass_columns_c,
          glass_columns_a, glass_columns_b, glass_columns_c, glass_columns_c,
          glass_columns_b, glass_columns_a, glass_columns_a, glass_columns_a,
          glass_columns_a, glass_columns_a, glass_columns_b, glass_columns_b,
          gammafunk_ghost_nasty_kobolds, minmay_misc_feat_five, corexii_shack,
          uniq_edmund, uniq_sigmund, uniq_pikel, uniq_natasha, uniq_menkaure

Skill      XL: |  1  2  3  4  5  6 |
---------------+-------------------+-----
Fighting       | 3 4 |  4.1
Axes           | 4 5 |  5.5
Dodging        | 3 4 |  4.1
Stealth        | 1 2 |  2.2
Maces & Flails | 1 3 |  3.2
Armour         | |  2.2

Action                   |  1- 3 |  4- 6 |  7- 9 || total
-------------------------+-------+-------+-------++-------
Melee: Hand axe          |   103 |    67 |       ||   170
       Punch             |     3 |     2 |     2 ||     7
       Flail             |       |    56 |    19 ||    75
Invok: Berserk           |       |     1 |       ||     1
       Trog's Hand       |       |       |     2 ||     2
 Abil: Heal Wounds       |     2 |     9 |       ||    11
  Use: Scroll            |     2 |     6 |       ||     8
       Potion            |       |     2 |     1 ||     3
 Stab: Sleeping          |     1 |     3 |       ||     4
Armor: Animal skin       |    40 |    29 |       ||    69
       Robe              |       |     8 |     9 ||    17
Dodge: Dodged            |   124 |   114 |    29 ||   267
